 Dungeon Crawl Stone Soup version 0.25.1-8-g42b30a86e7 (webtiles) character file.

Game seed: 6160984181774021451

7526 H0rd4k the Thaumaturge (level 10, -1/50 HPs)
             Began as a Deep Elf Wizard on Dec 14, 2020.
             Was an Initiate of Gozag.
             Slain by a porcupine (15 damage)
             ... on level 10 of the Dungeon.
             The game lasted 00:32:59 (13710 turns).

H0rd4k the Thaumaturge (Deep Elf Wizard)           Turns: 13710, Time: 00:32:59

Health: -1/50      AC:  2    Str:  4    XL:     10   Next: 95%
Magic:  39/39      EV: 15    Int: 30    God:    Gozag
Gold:   595        SH:  0    Dex: 16    Spells: 26/38 levels left

rFire    . . .     SeeInvis +   k - +4 rapier "Toussya" {drain, +Blink rN+ Int+3 Dex+3}
rCold    . . .     Gourm    .   (no shield)
rNeg     + . .     Faith    +   a - +0 robe
rPois    .         Spirit   .   b - +0 hat
rElec    .         Reflect  .   (no cloak)
rCorr    .         Harm     .   (no gloves)
MR       +....                  (no boots)
Stlth    +.........             x - amulet of faith
HPRegen  0.16/turn              l - ring of magical power
MPRegen  0.26/turn              t - ring of see invisible

@: confused, barbed spikes
A: no striking features
a: Potion Petition, Call Merchant, Bribe Branch, Renounce Religion, Evoke Blink


You were on level 10 of the Dungeon.
You worshipped Gozag.
Gozag was pleased with you.
You were very hungry.

You visited 2 branches of the dungeon, and saw 11 of its levels.

You collected 983 gold pieces.
You spent 225 gold pieces at shops.
You paid 163 gold pieces to Gozag.

Inventory:

Hand Weapons
 k - the +4 rapier "Toussya" (weapon) {drain, +Blink rN+ Int+3 Dex+3}
   (You bought it in a shop on level 8 of the Dungeon)

   A truly terrible weapon, it drains the life of those it strikes.
   It affects your intelligence (+3).
   It affects your dexterity (+3).
   It protects you from negative energy.
   It lets you blink.
Missiles
 o - 15 poisoned darts (quivered)
 w - 6 silver boomerangs
Armour
 a - a +0 robe (worn)
 b - a +0 hat (worn)
Jewellery
 l - a ring of magical power (left hand)
 t - a ring of see invisible (right hand)
 x - an amulet of faith (around neck)
Wands
 r - a wand of clouds (3)
 z - a wand of random effects (12)
 C - a wand of paralysis (12)
 E - a wand of enslavement (8)
Scrolls
 e - 2 scrolls of amnesia {unknown}
 g - 3 scrolls of blinking {unknown}
 h - a scroll of immolation {unknown}
 j - 3 scrolls of teleportation {unknown}
 m - 4 scrolls of magic mapping {unknown}
 p - a scroll of fog {unknown}
 s - 4 scrolls of remove curse {unknown}
 u - 5 scrolls of enchant armour {unknown}
 y - a scroll of enchant weapon {unknown}
 G - a scroll of acquirement {unknown}
Potions
 f - 3 potions of cancellation
 n - 3 potions of haste
 q - 3 potions of brilliance
 v - a potion of stabbing
 A - a potion of lignification
 B - a potion of resistance
 D - a potion of mutation
 F - a potion of berserk rage
 H - a potion of flight {unknown}
 I - a potion of heal wounds {unknown}
Comestibles
 d - 27 rations


   Skills:
 + Level 4.9 Dodging
 + Level 5.0 Stealth
 + Level 14.8 Spellcasting
 + Level 9.6 Conjurations
   Level 1.1 Summonings
 + Level 3.8 Translocations
 + Level 4.0 Fire Magic
 + Level 3.2 Air Magic
 + Level 3.0 Poison Magic
 + Level 2.0 Evocations


You had 26 spell levels left.
You knew the following spells:

 Your Spells              Type           Power        Failure   Level  Hunger
a - Magic Dart            Conj           ####         1%          1    None
b - Blink                 Tloc           N/A          1%          2    None
c - Conjure Flame         Conj/Fire      ######..     1%          3    None
d - Mephitic Cloud        Conj/Pois/Air  ######..     1%          3    None
e - Gell's Gravitas       Tloc           #####.....   1%          3    None

Your spell library contained the following spells:

 Spells                   Type           Power        Failure   Level  Hunger
 Apportation              Tloc           #####.       1%          1    None
 Summon Small Mammal      Summ           ####         1%          1    None
 Call Imp                 Summ           ####....     1%          2    None
 Animate Skeleton         Necr           N/A          2%          1    None
 Corona                   Hex            ###....      2%          1    None
 Slow                     Hex            ###.....     3%          2    None
 Confusing Touch          Hex            ###.....     6%          3    None
 Petrify                  Tmut/Erth      ###.....     22%         4    None
 Metabolic Englaciation   Hex/Ice        ###.......   52%         5    None
 Yara's Violent Unravell  Hex/Tmut       ###.......   52%         5    None


Dungeon Overview and Level Annotations

Branches:
Dungeon (10/15)            Temple (1/1) D:7
   Lair: D:8-11         Orc: D:9-12

Altars:
Ashenzari
Cheibriados
Dithmenos
Elyvilon
Fedhas
Gozag
Hepliaklqana
Kikubaaqudgha
Makhleb
Nemelex Xobeh
Okawaru
Qazlal
Ru
Sif Muna
Trog
Uskayaw
Vehumet
Wu Jian
Xom
Yredelemnul
Zin
The Shining One

Shops:
D:8 (

Annotations:
D:3 2 transporters, exclusion: downstairs
D:4 exclusion: bush
D:6 exclusions: downstairs and upstairs
D:7 exclusion: downstairs
D:9 exclusion: downstairs


Message History

The porcupine bites you!
* * * LOW HITPOINT WARNING * * *
Okay, then.
Unknown command.
Unknown command.
Evoke which item? (* to show all) (? for menu, Esc to quit)
You're too confused!
Evoke which item? (* to show all) (? for menu, Esc to quit)
You're too confused!
Unknown command.
The porcupine barely misses you.
You're too confused to cast spells.
The barbs in your skin will harm you if you move.
Continue?
Okay, then.
Unknown command.
You are more confused.
You feel invigorated. The porcupine barely misses you. The porcupine bites you!
You die...
Your body crumbles into a pile of gold.

.. . ...........<...#...# .#
.###$.............#...# .#
#..#..............+...# .#
#..#..............##... .+
#..#...>..............# .#
#..#..................# .#
##.###..###'########'##....#
.+
#..#.......r.....#....#....#
!#
..#.......@.....+....#....#
.#
#.####'##..####.####.#..(.#
.#
##.###..##..####.####.#####.
.#
#...................'....# .
.+
#...................#....#
##..#########.####.###..####
##..######.##.####.######...
#...............#.......#...
#...............#.......#...


You could see a porcupine.

Vanquished Creatures
  A two-headed ogre (D:8)
  A centaur zombie (D:8)
  Maggie (D:9)
  3 hippogriffs
  Sigmund (D:6)
  6 yaks
  A wyvern (D:10)
  A human (D:7)
  3 hogs (D:7)
  Eustachio (D:6)
  A hungry ghost (D:7)
  2 water moccasins
  Duvessa (D:6)
  2 orc warriors
  2 ice beasts
  A black bear (D:7)
  A sky beast (D:6)
  2 ogres
  3 phantoms
  A centaur (D:9)
  Blork the orc (D:5)
  2 big kobolds
  8 bullfrogs
  Dowan (D:6)
  3 scorpions
  17 killer bees
  2 crimson imps
  A bullfrog zombie (D:7)
  3 jellies
  4 orc priests
  4 hounds
  5 orc wizards
  Jessica (D:3)
  2 centaur skeletons
  3 iguanas
  4 worker ants
  2 hound skeletons (D:7)
  2 worker ant zombies
  A howler monkey skeleton (D:3)
  8 adders
  2 shadow imps
  2 oozes
  2 adder zombies
  A worm (D:2)
  4 dart slugs
  3 leopard geckos
  22 orcs
  2 bats (D:2)
  5 giant cockroaches
  7 goblins
  11 hobgoblins
  5 jackals
  14 kobolds
  7 quokkas
  2 ball pythons (D:3)
  3 frilled lizards
  A jackal skeleton (D:8)
  9 rats
211 creatures vanquished.

Vanquished Creatures (others)
  A wizard (D:9)
1 creature vanquished.

Grand Total: 212 creatures vanquished

Notes
Turn   | Place    | Note
-------+----------+-------------------------------------------
     0 | D:1      | H0rd4k the Deep Elf Wizard began the quest for the Orb.
     0 | D:1      | Reached XP level 1. HP: 10/10 MP: 7/7
   187 | D:1      | Reached skill level 5 in Spellcasting
   191 | D:1      | Reached XP level 2. HP: 15/15 MP: 1/10
  1160 | D:1      | Reached XP level 3. HP: 19/19 MP: 12/12
  1273 | D:1      | Learned a level 2 spell: Blink
  1277 | D:1      | Learned a level 3 spell: Conjure Flame
  1281 | D:1      | Learned a level 3 spell: Mephitic Cloud
  1733 | D:2      | Reached skill level 1 in Air Magic
  2013 | D:2      | Found a faded altar of an unknown god.
  2059 | D:2      | Reached XP level 4. HP: 24/24 MP: 11/13
  2631 | D:2      | Reached skill level 6 in Spellcasting
  2715 | D:3      | Found a transporter.
  2735 | D:3      | Found a transporter.
  2755 | D:3      | Noticed Jessica
  2762 | D:3      | Killed Jessica
  3066 | D:3      | Reached XP level 5. HP: 28/28 MP: 14/15
  3165 | D:3      | Found a shattered altar of Ashenzari.
  3477 | D:3      | Reached skill level 1 in Poison Magic
  3530 | D:3      | Found a sacrificial altar of Ru.
  3533 | D:3      | Found a white marble altar of Elyvilon.
  3536 | D:3      | Found a stormy altar of Qazlal.
  3546 | D:3      | Found a glowing silver altar of Zin.
  3971 | D:4      | Found a radiant altar of Vehumet.
  4030 | D:4      | Noticed a +0 dagger
  4033 | D:4      | Noticed a -2 hand axe
  4034 | D:4      | Found a hide-covered altar of Uskayaw.
  4103 | D:4      | Found an opulent altar of Gozag.
  4391 | D:4      | Reached skill level 1 in Fire Magic
  4623 | D:4      | Found a stormy altar of Qazlal.
  4625 | D:4      | Noticed a fire elemental
  4626 | D:4      | Noticed an air elemental
  4626 | D:4      | Noticed a water elemental
  4749 | D:5      | Entered Level 5 of the Dungeon
  4979 | D:5      | Reached XP level 6. HP: 20/32 MP: 16/17
  5209 | D:5      | Noticed Blork the orc
  5380 | D:5      | Reached skill level 7 in Spellcasting
  5518 | D:5      | Found a shimmering altar of Xom.
  5886 | D:5      | Killed Blork the orc
  5886 | D:5      | Reached XP level 7. HP: 36/36 MP: 19/20
  6017 | D:6      | Reached skill level 8 in Spellcasting
  6067 | D:6      | Noticed Eustachio
  6082 | D:6      | Killed Eustachio
  6151 | D:6      | Reached skill level 5 in Conjurations
  6264 | D:6      | Reached skill level 9 in Spellcasting
  6521 | D:6      | Reached XP level 8. HP: 32/41 MP: 23/23
  6606 | D:6      | Found a basalt altar of Yredelemnul.
  6772 | D:6      | Noticed Sigmund
  6781 | D:6      | Killed Sigmund
  7003 | D:6      | Noticed Duvessa
  7004 | D:6      | Noticed Dowan
  7037 | D:6      | Killed Duvessa
  7037 | D:6      | Reached skill level 10 in Spellcasting
  7042 | D:6      | Killed Dowan
  7416 | D:6      | Learned a level 3 spell: Gell's Gravitas
  7892 | D:7      | Reached skill level 11 in Spellcasting
  7892 | D:7      | Reached XP level 9. HP: 37/45 MP: 17/26
  8006 | D:7      | Found a staircase to the Ecumenical Temple.
  9178 | D:7      | Reached skill level 12 in Spellcasting
  9416 | D:8      | Found Faosam's Antique Weapon Boutique.
  9986 | D:8      | Reached skill level 13 in Spellcasting
 10040 | D:8      | Reached XP level 10. HP: 50/50 MP: 16/29
 10077 | Temple   | Entered the Ecumenical Temple
 10188 | D:4      | Became a worshipper of Gozag Ym Sagoz the Greedy
 10534 | D:8      | Found an ornate altar of the Wu Jian Council.
 11254 | D:8      | Noticed a two-headed ogre
 11281 | D:8      | Killed a two-headed ogre
 11421 | D:8      | Bought an ichor-stained rapier for 225 gold pieces
 11421 | D:8      | Identified the +4 rapier "Toussya" {drain, +Blink rN+ Int+3
                  | Dex+3} (You bought it in a shop on level 8 of the Dungeon)
 11533 | D:9      | Noticed Maggie
 11560 | D:9      | Reached skill level 14 in Spellcasting
 11739 | D:9      | Found a bloodstained altar of Trog.
 11744 | D:9      | Noticed a wizard
 11749 | D:9      | Killed a wizard
 11774 | D:9      | Killed Maggie
 12170 | D:9      | Reached skill level 5 in Stealth
 12233 | D:9      | Reached skill level 1 in Evocations
 12796 | D:10     | Entered Level 10 of the Dungeon
 13668 | D:10     | Noticed a manticore
 13710 | D:10     | Slain by a porcupine

Illustrated notes

Levels and vault maps discovered:
D:1:      shiori_arrival_oz, layout_basic
D:2:      layout_loops_corners, chequers_ecumenical_altar_simple
D:3:      gammafunk_wand_slinger, layout_loops_corners,
          nicolae_ashenzari_panopticon, grunt_temple_overflow_cloverleaf,
          first_ration, kennysheep_jessica_study
D:4:      layout_loops_ring, vehumet_crystals, dancing_weapons_uskayaw,
          kennysheep_mini, serial_forest, infiniplex_forest_clump_small,
          infiniplex_forest_clump_small, infiniplex_forest_split,
          infiniplex_forest_clump_double, infiniplex_forest_clump_tiny,
          infiniplex_forest_straight_1, infiniplex_forest_corner_1,
          nicolae_qazlal_style_of_elements
D:5:      layout_basic, nicolae_overflow_hidden_temple, uniq_blork_the_orc
D:6:      layout_loops_ring, yredelemnul_altar_generic, uniq_sigmund,
          uniq_duvessa, uniq_eustachio
D:7:      layout_gridville, minmay_temple_entry_stoned_glass, grunt_livestock,
          skrybe_limestone_x, minmay_misc_feat_chi
D:8:      layout_loops_cross, kennysheep_little_box, serial_shops, shop
D:9:      layout_cave_pods, trog_wizard, uniq_maggie
D:10:     layout_gridville, dpeg_lair_monsters
Temple:   minmay_freezing_vapour_temple

Skill      XL: |  1  2  3  4  5  6  7  8  9 10 |
---------------+-------------------------------+-----
Spellcasting   | 5 6 7 9 11 13 14 | 14.8
Air Magic      | 1 2 3 |  3.2
Dodging        | 3 4 |  4.9
Conjurations   | 2 3 4 5 7 8 9 |  9.6
Poison Magic   | 1 2 3 |  3.0
Fire Magic     | 1 2 4 |  4.0
Stealth        | 3 4 5 |  5.0
Translocations | 2 3 |  3.8
Evocations     | 2 |  2.0
Summonings     | |  1.1

Action                   |  1- 3 |  4- 6 |  7- 9 | 10-12 || total
-------------------------+-------+-------+-------+-------++-------
Melee: Unarmed           |     5 |     3 |       |       ||     8
 Cast: Magic Dart        |   103 |   178 |   311 |   129 ||   721
       Mephitic Cloud    |     1 |     3 |    17 |     8 ||    29
       Blink             |     1 |       |    13 |     8 ||    22
       Conjure Flame     |       |     5 |    30 |    23 ||    58
       Gell's Gravitas   |       |       |       |    14 ||    14
Evoke: Wand              |       |       |     3 |    14 ||    17
  Use: Potion            |     1 |       |       |     3 ||     4
       Scroll            |       |       |       |     8 ||     8
  Eat: Chunk             |     3 |    12 |    12 |       ||    27
       Ration            |       |       |       |     3 ||     3
Armor: Robe              |     2 |     8 |     9 |     6 ||    25
Dodge: Dodged            |    17 |    27 |    67 |    42 ||   153
